 Dungeon Crawl Stone Soup version 0.30-a0-883-g5ad918d77d (webtiles) character file.

Game seed: 9160222524155315733

140 dialectric the Covered (level 5, 0/41 HPs)
             Began as a Demonspawn Fighter on Mar 16, 2023.
             Was an Initiate of Okawaru.
             Splashed by a jelly's acid (8 damage)
             ... on level 4 of the Dungeon.
             The game lasted 00:02:36 (2366 turns).

dialectric the Covered (Demonspawn Fighter)         Turns: 2366, Time: 00:02:36

Health: 0/41       AC:  0    Str: 19    XL:     5   Next: 2%
Magic:  5/5        EV: 10    Int:  9    God:    Okawaru [......]
Gold:   170        SH:  0    Dex: 12    Spells: 4/4 levels left

rFire   . . .      SeeInvis .    q - +1 dagger (venom)
rCold   . . .      Faith    .    (no shield)
rNeg    . . .      Spirit   .    b - +0 scale mail
rPois   .          Reflect  .    (no helmet)
rElec   .          Rampage  .    (no cloak)
rCorr   .                        (no gloves)
Will    .....                    (no boots) Stlth
                                 (no amulet)
HPRegen 0.26/turn                (no ring)
MPRegen 0.09/turn                (no ring)

@: corroded, sanguine armoured
A: powered by death 2, sanguine armour 1, demonic touch 1
a: Renounce Religion


You were on level 4 of the Dungeon.
You worshipped Okawaru.
Okawaru was noncommittal.
You visited 1 branch of the dungeon, and saw 4 of its levels.

You collected 209 gold pieces.
You spent 39 gold pieces at shops.

Inventory:

Hand Weapons
 a - a +0 long sword
 q - a +1 dagger of venom (weapon)
Missiles
 n - 6 poisoned darts (quivered)
Armour
 b - a +0 scale mail (worn)
 c - a +0 buckler
 o - a +0 plate armour
Jewellery
 t - a ring of see invisible
Wands
 u - a wand of mindburst (11)
Scrolls
 e - 3 scrolls of enchant armour {unknown}
 f - a scroll of fog {unknown}
 h - a scroll of teleportation
 i - 3 scrolls of amnesia {unknown}
 k - 3 scrolls of identify {unknown}
 m - a scroll of enchant weapon {unknown}
 p - a scroll of acquirement {unknown}
Potions
 d - 2 potions of might
 g - 2 potions of haste {unknown}
 j - a potion of mutation {unknown}
 l - a potion of lignification {unknown}
 r - a potion of brilliance {unknown}
 s - a potion of attraction {unknown}


   Skills:
 + Level 3.5 Fighting
 + Level 2.6 Long Blades
 + Level 3.6 Armour
 + Level 1.5 Dodging
 + Level 0.3 Stealth
 + Level 3.0 Shields


You had 4 spell levels left.
You didn't know any spells.
Your spell library was empty.

Dungeon Overview and Level Annotations

Branches:
Dungeon (4/15)
 Temple: D:4-7

Altars:
Fedhas
Hepliaklqana
Okawaru

Shops:
D:1 (?


Innate Abilities, Weirdness & Mutations

You regenerate health from kills.
When seriously injured, your blood forms armour. (AC +6)
Your touch may inflict minor irresistible damage on your foes.


Message History

You open the door.
There is an open door here.
As you open the door, it creaks loudly!
No target in view!
There is an open door here.
Key pressed, stopping explore.
No target in view!
Found a stone staircase leading down.
You now have 170 gold pieces (gained 9).
A jelly and a kobold come into view.
The jelly quivers.
The kobold shouts!
The kobold throws a stone.
The stone hits you.
There are monsters nearby!
The kobold closely misses you. The jelly closely misses you.
You hit the jelly.
Your hands burn!
The jelly is lightly wounded.
The kobold hits you but does no damage. The jelly hits you but does no damage.
You hit the jelly. The acid corrodes you!
Your hands burn!
The jelly is moderately wounded.
The kobold closely misses you. The jelly hits you. The acid corrodes you!
You are splashed with acid.
You hit the jelly.
The jelly is poisoned.
The acid corrodes you!
Your hands burn!
Your blood congeals into armour.
The jelly is heavily wounded.
The kobold hits you with a +0 club. The jelly barely misses you.
You hit the jelly.
Your hands burn!
Your touch misses the jelly.
The jelly is heavily wounded.
The kobold hits you with a +0 club. The jelly hits you.
You are splashed with acid.
* * * LOW HITPOINT WARNING * * *
You are too injured to fight recklessly!
You are too injured to fight recklessly!
You are too injured to fight recklessly!
You are too injured to fight recklessly!
The kobold attacks as you move away! The kobold closely misses you.
The jelly attacks as you move away! The jelly hits you.
* * * LOW HITPOINT WARNING * * *
You are splashed with acid!
You die...

##########
#........#
#.######.# #.# #.#
#.######.#####
#.##.........##
#.##.###.###@.#
#.##.# #.##.KJ.#
#.##.###.##.#.....
#........##.
..####
####.####### .##
#....# .# #.####
.# #.# +# #.#


You could see a jelly (very poisoned) and a kobold.

Vanquished Creatures
  2 iguanas (D:4)
  2 adders (D:2)
  An ufetubus (D:4)
  2 worms (D:2)
  3 dart slugs
  7 endoplasms
  3 giant cockroaches
  8 goblins
  7 hobgoblins
  3 jackals
  4 kobolds
  A quokka (D:2)
  4 ball pythons
  A bat (D:2)
  3 frilled lizards
  2 rats (D:1)
53 creatures vanquished.

Notes
Turn   | Place    | Note
-------+----------+-------------------------------------------
     0 | D:1      | dialectric the Demonspawn Fighter began the quest for the
                  | Orb.
     0 | D:1      | Reached XP level 1. HP: 18/18 MP: 1/1
   292 | D:1      | Found Etoynkifi's Magic Scroll Shop.
   314 | D:1      | Bought a scroll of teleportation for 39 gold pieces
   314 | D:1      | Found Seodgh's Antique Weapon Shop.
   404 | D:1      | Gained mutation: When seriously injured, your blood forms
                  | armour. (AC +6) [demonic ancestry]
   404 | D:1      | Reached XP level 2. HP: 20/24 MP: 2/2
   707 | D:2      | Gained mutation: You regenerate a little health from kills.
                  | [demonic ancestry]
   707 | D:2      | Reached XP level 3. HP: 19/29 MP: 3/3
  1468 | D:3      | Gained mutation: Your touch may inflict minor irresistible
                  | damage on your foes. [demonic ancestry]
  1468 | D:3      | Reached XP level 4. HP: 29/35 MP: 4/4
  2022 | D:4      | Reached skill level 1 in Dodging
  2029 | D:4      | Found an iron altar of Okawaru.
  2042 | D:4      | Became a worshipper of Warmaster Okawaru
  2160 | D:4      | Gained mutation: You regenerate health from kills. [demonic
                  | ancestry]
  2160 | D:4      | Reached XP level 5. HP: 33/41 MP: 5/5
  2192 | D:4      | Found a hazy altar of Hepliaklqana.
  2192 | D:4      | Found a blossoming altar of Fedhas.
  2366 | D:4      | Splashed by a jelly's acid

Illustrated notes

Levels and vault maps discovered:
D:1:      lemuel_arrival_lava_pool, layout_basic, serial_shops,
          nicolae_diamond_shop, nicolae_shop_crystal
D:2:      layout_basic, serial_curves, eino_curves_02, eino_curves_02,
          minmay_misc_feat_five, chequers_serial_rivers_micro_d, st_stairs_1
D:3:      layout_loops_ring, kennysheep_doodads
D:4:      layout_loops_corners, okawaru_trees_1, jmf_multi_god_temple

Skill      XL: |  1  2  3  4 |
---------------+-------------+-----
Shields        | 3 |  3.0
Long Blades    | 2 |  2.6
Armour         | 3 |  3.6
Dodging        | 1 |  1.5
Fighting       | |  3.5
Stealth        | |  0.3

Action                     |  1- 3 |  4- 6 || total
---------------------------+-------+-------++-------
  Melee: Long sword        |   162 |     8 ||   170
         Punch             |     1 |     1 ||     2
         Dagger            |       |    25 ||    25
         Touch             |       |    10 ||    10
 Armour: Scale mail        |    96 |     9 ||   105
  Dodge: Dodged            |   108 |    23 ||   131

Table legend: (Time is in decaauts)
 A = Elapsed time spent in this place.
 B = Non-inter-level travel time spent in this place.
 C = Inter-level travel time spent in this place.
 D = Time resting spent in this place.
 E = Time spent auto-exploring this place.
 F = Levels seen in this place.
 G = Mean time per level.
                   A        B        C        D        E       F      G
               +--------+--------+--------+--------+--------+-----+--------+
         Total |   2415 |   2385 |     30 |     77 |   1833 |   4 |  603.8 |
       Dungeon |   2415 |   2385 |     30 |     77 |   1833 |   4 |  603.8 |
               +--------+--------+--------+--------+--------+-----+--------+

Top non-repeatable levels by time:
     D:2: 792 daAuts
     D:1: 634 daAuts
     D:3: 611 daAuts
     D:4: 376 daAuts
